 Dungeon Crawl Stone Soup version 0.31.0-1-g2c135a0 (webtiles) character file.

Game seed: 16490287085156551859

25 jagoly the Digger (level 3, -2/25 HPs)
             Began as a Human Earth Elementalist on Jan 31, 2024.
             Slain by a hobgoblin (3 damage)
             ... on level 2 of the Dungeon.
             The game lasted 00:01:33 (142 turns).

jagoly the Digger (Human Earth Elementalist)         Turns: 142, Time: 00:01:34

Health: -2/25      AC:  2    Str:  8    XL:     3   Next: 4%
Magic:  0/6        EV: 12    Int: 17    God:
Gold:   26         SH:  0    Dex: 13    Spells: 5/6 levels left

rFire   . . .        d - +0 whip
rCold   . . .        (no shield)
rNeg    . . .        a - +0 robe
rPois   .            (no helmet)
rElec   .            (no cloak)
rCorr   .            (no gloves)
SInv    .            (no boots)
Will    .....        (no amulet)
Stlth   ++           (no ring)
HPRegen 0.24/turn    (no ring)
MPRegen 0.10/turn

%: no passive effects
@: no status effects
A: explore regen
a: no special abilities


You were on level 2 of the Dungeon.
You visited 1 branch of the dungeon, and saw 2 of its levels.

You collected 26 gold pieces.

Inventory:

Hand Weapons
 d - a +0 whip (weapon)
Missiles
 f - 10 stones
Armour
 a - a +0 robe (worn)
Scrolls
 e - 2 scrolls of summoning {unknown}
 g - a scroll of enchant weapon {unknown}
Potions
 b - a potion of magic
 c - a potion of haste {unknown}


   Skills:
 + Level 0.6 Fighting
 + Level 2.2 Dodging
 + Level 2.3 Stealth
 - Level 2.0 Spellcasting
 + Level 1.5 Conjurations
 * Level 3.4 Earth Magic


You had 5 spell levels left.
You knew the following spells:

 Your Spells              Type           Power      Damage    Failure   Level
a - Sandblast             Erth           26%        2d8       4%          1

Your spell library contained the following spells:

 Spells                   Type           Power      Damage    Failure   Level
 Passwall                 Erth           13%        N/A       14%         3
 Stone Arrow              Conj/Erth      20%        3d8       22%         3
 Cigotuvi's Dreadful Rot  Necr/Alch/Air  2%         N/A       28%         2
 Brom's Barrelling Bould  Conj/Erth      10%        2d3       56%         4
 Petrify                  Alch/Erth      7%         N/A       67%         4
 Dispel Undead            Necr           1%         3d6       88%         4
 Martyr's Knell           Necr/Summ      1%         N/A       88%         4
 Death Channel            Necr           0%         N/A       100%        6


Dungeon Overview and Level Annotations

Branches:
Dungeon (2/15) Zot: 11847

Altars:


Innate Abilities, Weirdness & Mutations

You regain HP and MP as you explore.


Message History

Welcome, jagoly the Human Earth Elementalist.
Will you be the one to retrieve the fabled Orb of Zot from the depths?
Press ? for a list of commands and other information.
Found a club, a sapphire potion and 12 gold pieces.
Found an escape hatch in the floor.
Found a staircase leading out of the dungeon.
Found a book of Decay.
A gnoll comes into view. It is wielding a +0 whip.
You see here a sapphire potion.
c - a sapphire potion The gnoll shouts!
An endoplasm comes into view.
Found 10 gold pieces.
You see here 12 gold pieces.
You now have 12 gold pieces.
Cast which spell? (? or * to list)
Aiming: Sandblast (safe; 6% risk of failure)
Press: ? - help, Shift-Dir - straight line, f - gnoll
Aim: a gnoll, wielding a +0 whip (84% to hit)
The blast of sand hits the gnoll!
The gnoll is heavily wounded.
Cast which spell? (? or * to list)
Aiming: Sandblast (safe; 6% risk of failure)
Press: ? - help, Shift-Dir - straight line, f/p - gnoll
Aim: a gnoll, wielding a +0 whip (heavily wounded, 84% to hit)
The blast of sand hits the gnoll.
You kill the gnoll!
You have reached level 2!
There is an escape hatch in the floor here.
There is a staircase leading out of the dungeon here.
Things that are here:
a +0 whip; a gnoll corpse
d - a +0 whip (weapon)
A rat comes into view.
You pick up a book of Decay and begin reading...
You add the spells Cigotuvi's Dreadful Rot, Dispel Undead, Martyr's Knell and Death Channel to your library.
A goblin comes into view. It is wielding a +0 club.
The goblin shouts!
Found 2 scrolls labelled ZIUVOSTR COQY and a dagger.
Cast which spell? (? or * to list)
Aiming: Sandblast (safe; 6% risk of failure)
Press: ? - help, Shift-Dir - straight line, f - goblin
Aim: a goblin, wielding a +0 club (77% to hit)
The blast of sand hits the goblin!
You kill the goblin!
Cast which spell? (? or * to list)
You can't see any susceptible monsters within range! (Use Z to cast anyway.) Cast which spell? (? or * to list)
Aiming: Sandblast (safe; 6% risk of failure)
Press: ? - help, Shift-Dir - straight line, f - rat
Aim: a rat (asleep, 100% to hit)
The blast of sand hits the rat!
You kill the rat!
Found 5 stones.
e - 2 scrolls labelled ZIUVOSTR COQY The endoplasm quivers.
You see here 5 stones.
Cast which spell? (? or * to list)
Aiming: Sandblast (safe; 6% risk of failure)
Press: ? - help, Shift-Dir - straight line, f - endoplasm
Aim: an endoplasm (98% to hit)
The blast of sand hits the endoplasm.
You kill the endoplasm!
f - 5 stones A frilled lizard and a kobold come into view.
The kobold shouts!
Cast which spell? (? or * to list)
Aiming: Sandblast (safe; 6% risk of failure)
Press: ? - help, Shift-Dir - straight line, f - frilled lizard
Aim: a frilled lizard (70% to hit)
You miscast Sandblast.
You are very lightly contaminated with residual magic.
Nothing appears to happen.
Cast which spell? (? or * to list)
Aiming: Sandblast (safe; 6% risk of failure)
Press: ? - help, Shift-Dir - straight line, f/p - frilled lizard
Aim: a frilled lizard (70% to hit)
The blast of sand hits the frilled lizard.
You kill the frilled lizard!
Cast which spell? (? or * to list)
You can't see any susceptible monsters within range! (Use Z to cast anyway.)
The kobold throws a stone.
The stone hits you.
Cast which spell? (? or * to list)
Aiming: Sandblast (safe; 6% risk of failure)
Press: ? - help, Shift-Dir - straight line, f - kobold
Aim: a kobold, wielding a +0 dagger and quivering stones (77% to hit)
The blast of sand hits the kobold.
You kill the kobold!
Your magical contamination has completely faded away.
You see here a frilled lizard corpse.
f - 10 stones (gained 5)
You see here a +0 dagger.
A rat comes into view.
A rat is nearby!
Cast which spell? (? or * to list)
You can't see any susceptible monsters within range! (Use Z to cast anyway.) Unknown command.
Cast which spell? (? or * to list)
Aiming: Sandblast (safe; 6% risk of failure)
Press: ? - help, Shift-Dir - straight line, f - rat
Aim: a rat (asleep, 100% to hit)
The blast of sand hits the rat!
You kill the rat!
A ball python comes into view.
Found a mace.
A dart slug comes into view.
Found 4 gold pieces and a scroll labelled APSOST NI MEO.
Cast which spell? (? or * to list)
Aiming: Sandblast (safe; 6% risk of failure)
Press: ? - help, Shift-Dir - straight line, f - dart slug
Aim: a dart slug (100% to hit)
The blast of sand hits the dart slug!
You kill the dart slug!
Cast which spell? (? or * to list)
You can't see any susceptible monsters within range! (Use Z to cast anyway.) Unknown command.
A ball python, a goblin and a hobgoblin come into view.
The ball python hisses angrily. x2
You see here 10 gold pieces.
Cast which spell? (? or * to list)
Aiming: Sandblast (safe; 6% risk of failure)
Press: ? - help, Shift-Dir - straight line, f - ball python
Aim: a ball python (80% to hit)
The blast of sand hits the ball python!
You kill the ball python!
Cast which spell? (? or * to list)
Aiming: Sandblast (safe; 6% risk of failure)
Press: ? - help, Shift-Dir - straight line, f - ball python
Aim: a ball python (80% to hit)
The blast of sand hits the ball python.
The ball python is severely wounded.
Cast which spell? (? or * to list)
Okay, then.
The ball python attacks as it pursues you!
The ball python barely misses you. x2
The ball python attacks as it pursues you!
The ball python bites you but does no damage.
The ball python grabs you. The ball python constricts you.
You closely miss the ball python.
The ball python is severely wounded.
The ball python completely misses you. The ball python constricts you.
The ball python bites you. The ball python constricts you.
You hit the ball python but do no damage.
The ball python is severely wounded.
The ball python bites you. The ball python constricts you.
You barely miss the ball python.
The ball python is severely wounded.
The ball python bites you but does no damage.
The ball python constricts you.
Cast which spell? (? or * to list)
Aiming: Sandblast (safe; 6% risk of failure)
Press: ? - help, Shift-Dir - straight line, f/p - ball python
Aim: a ball python (heavily wounded, constricting you, 80% to hit)
The blast of sand hits the ball python!
You kill the ball python!
Cast which spell? (? or * to list)
Aiming: Sandblast (safe; 5% risk of failure)
Press: ? - help, Shift-Dir - straight line, f - goblin
Aim: a goblin, wielding a +0 dagger (77% to hit)
The blast of sand hits the hobgoblin.
You kill the hobgoblin!
The goblin closely misses you.
Cast which spell? (? or * to list)
Aiming: Sandblast (safe; 5% risk of failure)
Press: ? - help, Shift-Dir - straight line, f/p - goblin
Aim: a goblin, wielding a +0 dagger (77% to hit)
The blast of sand hits the goblin!
You kill the goblin!
Things that are here:
a +0 dagger; a ball python corpse You now have 22 gold pieces (gained 10).
Found a stone staircase leading down.
A ball python comes into view.
You see here a ball python corpse.
You see here a scroll labelled APSOST NI MEO.
g - a scroll labelled APSOST NI MEO The ball python hisses angrily.
Cast which spell? (? or * to list)
Aiming: Sandblast (safe; 5% risk of failure)
Press: ? - help, Shift-Dir - straight line, f - ball python
Aim: a ball python (80% to hit)
You miscast Sandblast.
You are very lightly contaminated with residual magic.
Nothing appears to happen.
Cast which spell? (? or * to list)
Aiming: Sandblast (safe; 5% risk of failure)
Press: ? - help, Shift-Dir - straight line, f/p - ball python
Aim: a ball python (80% to hit)
The blast of sand hits the ball python!
You kill the ball python!
You have reached level 3!
Your experience leads to an increase in your attributes!
Increase (S)trength, (I)ntelligence, or (D)exterity?
You feel clever. x2
Your magical contamination has completely faded away.
You now have 26 gold pieces (gained 4).
There is a stone staircase leading down here.
You climb downwards.
There is a stone staircase leading up here.
Cast which spell? (? or * to list)
Aiming: Sandblast (safe; 4% risk of failure)
Press: ? - help, Shift-Dir - straight line, f - kobold
Aim: a kobold, wielding a +0 short sword (asleep, 100% to hit)
The blast of sand hits the kobold.
The kobold is heavily wounded.
The kobold shouts!
You hear a shout! x2
The kobold hits you with a +0 short sword.
You hit the kobold.
The kobold is severely wounded.
The kobold barely misses you.
You barely miss the kobold.
The kobold is severely wounded.
The kobold hits you with a +0 short sword.
A hobgoblin comes into view.
You closely miss the kobold.
The kobold is severely wounded.
The kobold hits you but does no damage.
You barely miss the kobold.
The kobold is severely wounded.
The kobold misses you.
Cast which spell? (? or * to list)
Aiming: Sandblast (safe; 4% risk of failure)
Press: ? - help, Shift-Dir - straight line, f/p - kobold
Aim: a kobold, wielding a +0 short sword (severely wounded, 77% to hit)
The blast of sand hits the kobold!
You kill the kobold!
The hobgoblin hits you.
You closely miss the hobgoblin. The hobgoblin hits you.
You hit the hobgoblin but do no damage. The hobgoblin barely misses you.
You closely miss the hobgoblin. The hobgoblin closely misses you.
You hit the hobgoblin but do no damage. The hobgoblin hits you.
You closely miss the hobgoblin. The hobgoblin hits you.
* * * LOW HITPOINT WARNING * * *
You hit the hobgoblin.
The hobgoblin is lightly wounded.
The hobgoblin hits you.
* * * LOW HITPOINT WARNING * * *
The hobgoblin hits you.
* * * LOW HITPOINT WARNING * * *
Cast which spell? (? or * to list)
Aiming: Sandblast (safe; 4% risk of failure)
Press: ? - help, Shift-Dir - straight line, f - hobgoblin
Aim: a hobgoblin (lightly wounded, 82% to hit)
The blast of sand misses the hobgoblin.
The hobgoblin hits you.
* * * LOW HITPOINT WARNING * * *
Cast which spell? (? or * to list)
You don't have enough magic to cast this spell.
Hit: d) +0 whip
Press: ? - help, Dir - move target, f/p - hobgoblin
Aim: a hobgoblin (lightly wounded, about 44% to evade your +0 whip)
You hit the hobgoblin.
The hobgoblin is heavily wounded.
The hobgoblin hits you.
* * * LOW HITPOINT WARNING * * *
Hit: d) +0 whip
Press: ? - help, Dir - move target, f/p - hobgoblin
Aim: a hobgoblin (heavily wounded, about 44% to evade your +0 whip)
You hit the hobgoblin.
The hobgoblin is severely wounded.
The hobgoblin closely misses you.
Hit: d) +0 whip
Press: ? - help, Dir - move target, f/p - hobgoblin
Aim: a hobgoblin (severely wounded, about 44% to evade your +0 whip)
You hit the hobgoblin.
The hobgoblin is almost dead.
The hobgoblin hits you.
You die... ###### #..g@# #.####

You could see a hobgoblin.

Vanquished Creatures
  A gnoll (D:1)
  A dart slug (D:1)
  An endoplasm (D:1)
  2 goblins (D:1)
  A hobgoblin (D:1)
  3 ball pythons (D:1)
  A frilled lizard (D:1)
  2 kobolds
  2 rats (D:1)
14 creatures vanquished.

Notes
Turn   | Place    | Note
-------+----------+-------------------------------------------
     0 | D:1      | jagoly the Human Earth Elementalist began the quest for the
                  | Orb.
     0 | D:1      | Reached XP level 1. HP: 13/13 MP: 3/3
    12 | D:1      | Reached XP level 2. HP: 20/20 MP: 1/5
   114 | D:1      | Reached XP level 3. HP: 25/25 MP: 0/6
   140 | D:2      | HP: 1/25 [hobgoblin (3)]
   142 | D:2      | Slain by a hobgoblin

Illustrated notes

Levels and vault maps discovered:
D:1:      dpeg_arrival_stonehenge_12_columns, layout_rooms,
          dreamdust_ecumenical_altar_angels_and_demons
D:2:      layout_basic, minivault_24

Action                     || total
---------------------------++-------
  Melee: Whip              ||    16
   Cast: Sandblast         ||    18
 Armour: Robe              ||    17
  Dodge: Dodged            ||     9
